 Dungeon Crawl Stone Soup version 0.17-a0-1374-gc51869c (webtiles) character file.

1097 Eglamore the Skirmisher (level 8, 61/73 HPs)
             Began as a Minotaur Berserker on June 13, 2015.
             Was a Priest of Trog.
             Quit the game on level 5 of the Dungeon.
             The game lasted 00:06:44 (3898 turns).

Eglamore the Skirmisher (Minotaur Berserker)        Turns: 3898, Time: 00:06:45

Health: 61/73      AC: 14    Str: 23    XL:     8   Next: 10%
Magic:  7/7        EV:  8    Int:  4    God:    Trog [***...]
Gold:   137        SH:  0    Dex: 11    Spells: 0 memorised, 7 levels left

rFire  . . .     SeeInvis .     a - +0 mace
rCold  . . .     Clarity  .     o - +0 plate armour
rNeg   . . .     SustAt   .     (no shield)
rPois  .         Gourm    .     (helmet restricted)
rElec  .         Spirit   .     e - +0 cloak
rCorr  .         Warding  .     (no gloves)
rMut   .         Stasis   .     (no boots)
MR     .....                    (no amulet)
Stlth  ..........               (no ring)
                                (no ring)

@: confused, not resistant to hostile enchantments, extremely unstealthy
A: retaliatory headbutt, horns 2
a: Burn Spellbooks, Berserk, Trog's Hand, Renounce Religion


You were on level 5 of the Dungeon.
You worshipped Trog.
Trog was most pleased with you.
You were not hungry.

You visited 1 branch of the dungeon, and saw 5 of its levels.

You collected 137 gold pieces.

Inventory:

Hand weapons
 a - a +0 mace (weapon)
Armour
 e - a +0 cloak (worn)
 o - a +0 plate armour (worn)
Jewellery
 p - an uncursed ring of fire
Magical devices
 b - a wand of random effects (19)
 x - a wand of teleportation (6)
Scrolls
 d - 10 scrolls of identify {unknown}
 f - a scroll of enchant weapon {unknown}
 g - a scroll of noise {unknown}
 i - 2 scrolls of recharging {unknown}
 m - 2 scrolls of teleportation {unknown}
 n - a scroll of remove curse {unknown}
 q - 2 scrolls of amnesia {unknown}
 v - a scroll of enchant armour {unknown}
Potions
 h - 5 potions of curing
 j - 2 potions of cancellation {unknown}
 k - a potion of cure mutation {unknown}
 l - a potion of agility {unknown}
 r - a potion of lignification {unknown}
 u - a potion of poison {unknown}
 w - a potion of degeneration {unknown}
Comestibles
 c - 4 bread rations
 s - 2 beef jerkies
 t - a meat ration
 z - 6 chunks of flesh


   Skills:
 + Level 7.5 Fighting
 + Level 6.9 Maces & Flails
 + Level 6.6 Armour
 - Level 3.8 Dodging


You had 7 spell levels left.
You didn't know any spells.

Dungeon Overview and Level Annotations

Branches:
Dungeon (5/15)
 Temple: D:4-7

Altars:
Elyvilon
Nemelex Xobeh


Innate Abilities, Weirdness & Mutations

You reflexively headbutt those who attack you in melee.
You have a pair of horns on your head.


Message History

The orc hits you but does no damage. x2
The orc barely misses you.
You hear some strange, mumbled words.
You are confused.
You are too confused!
You are too confused!
You are too confused!
You are too confused!
You are too confused!
Unknown command.
Unknown command.
Unknown command.
Unknown command.
Unknown command.
Unknown command.
Unknown command.
Unknown command.
New annotation for D:5 (include '!' for warning):
Okay, then.
Are you sure you want to abandon this character and quit the game? (Confirm with "yes".)

....# ###........# ..
##.......# #.......#
######.......#
####†...........##
.........).........#
...................#.
..###########........
. #@)#..... #oo###...
oo.# .. #..## #..#
...# .... .....


You could see 4 orcs.

Vanquished Creatures
  Sigmund (D:2)
  The ghost of Ironfoot the Ruffian, an average NaTm of Okawaru (D:3)
  A hippogriff (D:4)
  Duvessa (D:4)
  2 ogres
  Dowan (D:4)
  A water moccasin skeleton (D:4)
  A jelly (D:3)
  An orc wizard (D:5)
  3 worker ants
  9 adders
  An ooze (D:5)
  An adder skeleton (D:4)
  4 worms
  2 giant geckos
  4 orcs
  7 goblins
  10 hobgoblins
  7 kobolds
  3 quokkas
  5 bats
  4 giant cockroaches
  2 rats
72 creatures vanquished.

Notes
Turn   | Place    | Note
--------------------------------------------------------------
     0 | D:1      | Eglamore the Minotaur Berserker began the quest for the Orb.
     0 | D:1      | Reached XP level 1. HP: 19/19 MP: 0/0
   147 | D:1      | Reached XP level 2. HP: 22/27 MP: 1/1
   705 | D:2      | Reached skill level 4 in Fighting
   739 | D:2      | Reached XP level 3. HP: 14/33 MP: 2/2
  1558 | D:2      | Found a faded altar to an unknown god.
  1562 | D:2      | Noticed Sigmund
  1567 | D:2      | Killed Sigmund
  1567 | D:2      | Reached skill level 5 in Fighting
  1567 | D:2      | Reached XP level 4. HP: 42/42 MP: 3/3
  1567 | D:2      | Reached XP level 5. HP: 48/48 MP: 4/4
  1698 | D:2      | Acquired Trog's second power
  2071 | D:3      | Noticed Ironfoot's ghost (average NaTm)
  2091 | D:3      | Killed Ironfoot's ghost
  2091 | D:3      | Reached skill level 5 in Maces & Flails
  2091 | D:3      | Reached XP level 6. HP: 52/57 MP: 5/5
  2336 | D:3      | Found a white marble altar of Elyvilon.
  2767 | D:4      | Reached skill level 6 in Fighting
  2767 | D:4      | Reached skill level 5 in Armour
  2890 | D:4      | Found a white marble altar of Elyvilon.
  2919 | D:4      | Noticed Duvessa
  2920 | D:4      | Noticed Dowan
  2934 | D:4      | Killed Duvessa
  2934 | D:4      | Reached XP level 7. HP: 64/64 MP: 6/6
  2961 | D:4      | Killed Dowan
  3297 | D:4      | Found a sparkling altar of Nemelex Xobeh.
  3632 | D:4      | Reached skill level 7 in Fighting
  3793 | D:5      | Entered Level 5 of the Dungeon
  3862 | D:5      | Reached XP level 8. HP: 73/73 MP: 7/7
  3898 | D:5      | Quit the game

Vault maps used:
D:1:      lightli_arrival_noodles, hangedman_decor_points,
          minmay_misc_feat_plants
D:2:      lemuel_upstairs_altar, ecumenical_altar_2, uniq_sigmund
D:3:      minmay_door_path, lemuel_round_altar, first_bread
D:4:      nemelex_altar_shiori, elyvilon_altar_5, uniq_duvessa

Action                   |  1- 3 |  4- 6 |  7- 9 || total
-------------------------+-------+-------+-------++-------
Melee: Mace              |    53 |    88 |    71 ||   212
Invok: Berserk           |     1 |     2 |     1 ||     4
  Eat: Chunk             |     2 |     6 |     5 ||    13
